 Dungeon Crawl Stone Soup version 0.26.0-10-g1f06aea511 (webtiles) character file.

Game seed: 4385393136886592839

6104 ythm the Fighter (level 10, -5/178 HPs)
             Began as an Ogre Hunter on Jan 13, 2021.
             Was a Priest of Okawaru.
             Slain by a two-headed ogre
             ... wielding a +0 giant club
              (11 damage)
             ... on level 10 of the Dungeon.
             The game lasted 00:18:52 (12008 turns).

ythm the Fighter (Ogre Hunter)                     Turns: 12008, Time: 00:18:53

Health: -5/178     AC: 25    Str: 25    XL:     10   Next: 88%
Magic:  13/14      EV:  1    Int: 12    God:    Okawaru [***...]
Gold:   470        SH:  0    Dex: 11    Spells: 9/9 levels left

rFire    . . .     SeeInvis .   O - +0 whip (elec)
rCold    + . .     Faith    .   (no shield)
rNeg     + + +     Spirit   .   (armour currently unavailable)
rPois    +         Reflect  .   (helmet currently unavailable)
rElec    .         Harm     .   (cloak currently unavailable)
rCorr    .         Rampage  .   (gloves unavailable)
Will     +....     NoTele   +   (boots unavailable)
Stlth    +.........             L - amulet of the acrobat
HPRegen  0.39/turn              h - +6 ring of strength
MPRegen  0.14/turn              W - ring of protection from cold

@: tree-form
A: large, unfitting armour
a: Renounce Religion, Heroism


You were on level 10 of the Dungeon.
You worshipped Okawaru.
Okawaru was most pleased with you.
You were a tree.
You visited 2 branches of the dungeon, and saw 11 of its levels.
You also visited: Ossuary.

You collected 674 gold pieces.
You spent 204 gold pieces at shops.

Inventory:

Hand Weapons
 g - a +0 dagger of distortion
 l - a +0 giant spiked club
 y - a +2 mace of venom
 M - a +0 dire flail of protection
 O - a +0 whip of electrocution (weapon)
 Y - the +5 short sword of Ru's Respect {speed, Str+2 Dex+3}
   (You found it on level 7 of the Dungeon)

   Attacks with this weapon are significantly faster.
   It affects your strength (+2).
   It affects your dexterity (+3).
Missiles
 c - 9 large rocks (quivered)
 d - 2 throwing nets
 x - 14 javelins
 V - 32 poisoned darts
Armour
 z - +0 acid dragon scales (melded)
 K - a +1 cloak (melded)
Jewellery
 a - an uncursed ring of ice
 h - a +6 ring of strength (left branch)
 p - a +6 ring of intelligence
 q - an uncursed amulet of magic regeneration
 L - an amulet of the acrobat (around neck)
 W - a ring of protection from cold (right branch)
Wands
 b - a wand of paralysis (5)
 H - a wand of random effects (16)
 N - a wand of enslavement (16)
 T - a wand of iceblast (6)
Scrolls
 e - 4 scrolls of teleportation
 j - 6 scrolls of remove curse
 k - 9 scrolls of identify
 n - 6 scrolls of blinking
 o - 5 scrolls of immolation {unknown}
 s - 3 scrolls of fog {unknown}
 u - 4 scrolls of fear
 w - 3 scrolls of magic mapping {unknown}
 C - 3 scrolls of enchant weapon {unknown}
 D - 2 scrolls of amnesia {unknown}
 Q - a scroll of summoning {unknown}
 S - a scroll of enchant armour {unknown}
 X - 2 scrolls of random uselessness {unknown}
Potions
 f - 3 potions of resistance
 i - 11 potions of curing
 m - a potion of brilliance {unknown}
 r - a potion of lignification
 t - 3 potions of degeneration {unknown}
 v - 2 potions of heal wounds
 A - a potion of flight {unknown}
 B - a potion of haste {unknown}
 E - a potion of might {unknown}
 F - 2 potions of mutation {unknown}
 G - a potion of berserk rage {unknown}
 I - a potion of invisibility {unknown}
 R - a potion of attraction {unknown}
 U - 3 potions of cancellation {unknown}


   Skills:
 + Level 13.0 Fighting
 + Level 9.3 Maces & Flails
 - Level 4.0 Throwing
 - Level 2.0 Armour
 - Level 4.0 Dodging
 - Level 0.6 Stealth
 + Level 5.6 Invocations


You had 9 spell levels left.
You didn't know any spells.
Your spell library was empty.

Dungeon Overview and Level Annotations

Branches:
Dungeon (10/15)            Temple (1/1) D:5         Ossuary (visited)
   Lair: D:8-11         Orc: D:9-12

Altars:
Ashenzari
Cheibriados
Dithmenos
Elyvilon
Fedhas
Gozag
Hepliaklqana
Kikubaaqudgha
Makhleb
Nemelex Xobeh
Okawaru
Qazlal
Ru
Sif Muna
Trog
Uskayaw
Vehumet
Wu Jian
Xom
Yredelemnul
Zin
The Shining One

Shops:
D:6 =   D:7 ?


Innate Abilities, Weirdness & Mutations

You are too large for most types of armour.
((You have tough skin. (AC +1)))


Message History

The two-headed ogre is lightly wounded.
The bullfrog hits you but does no damage.
The two-headed ogre hits you with a +0 giant club.
* * * LOW HITPOINT WARNING * * *
The two-headed ogre hits you but does no damage.
Unknown command.
Unknown command.
You hit the two-headed ogre.
Lightning courses through the two-headed ogre!
The two-headed ogre is moderately wounded.
The bullfrog hits you but does no damage.
Unknown command.
Unknown command.
You whack the two-headed ogre!
The two-headed ogre is heavily wounded.
The bullfrog hits you but does no damage.
The two-headed ogre hits you with a +0 giant club!!
* * * LOW HITPOINT WARNING * * *
The two-headed ogre hits you with a cursed +0 giant club!
You die...

#.....#........#
#.....#.##...#.#
###.....#.##.#.#.#
#.......#.##.#.#.#
..#####.#.O......#
. ####.######S###
..##....# #)#
.......F######.#
..##..#.♣OS....#
.......########
.########


You could see a two-headed ogre, a bullfrog and an adder.

Vanquished Creatures
  A two-headed ogre (D:9)
  Pikel (D:6)
  An ugly thing (D:10)
  Psyche (D:8)
  Maggie (D:8)
  Sigmund (D:5)
  2 wyverns
  2 steam dragons
  Menkaure (D:5)
  Edmund (D:5)
  A water moccasin (D:8)
  An ice beast (D:6)
  2 sky beasts (D:5)
  A black bear (D:7)
  2 phantoms
  3 ogres
  3 centaurs
  A big kobold (D:8)
  3 elf zombies (Ossuary)
  2 bullfrogs
  A scorpion (D:6)
  8 wights
  3 howler monkeys
  3 centaur zombies
  3 hounds
  An orc priest (D:6)
  Crazy Yiuf (D:3)
  4 jellies
  A bullfrog skeleton (D:5)
  A centaur skeleton (D:4)
  2 iguanas
  Ijyb (D:3)
  4 orc wizards (D:6)
  9 worker ants
  A killer bee zombie (D:9)
  A big kobold zombie (Ossuary)
  2 hound skeletons
  2 mummies (Ossuary)
  6 adders
  2 white imps (D:6)
  3 ufetubi
  An ooze (D:2)
  An adder skeleton (D:4)
  2 adder zombies (D:8)
  7 worms
  A dart slug (D:2)
  4 leopard geckos
  14 orcs
  4 giant cockroaches
  6 goblins
  6 hobgoblins
  4 quokkas
  A ball python (D:1)
  7 bats
  7 frilled lizards
  A goblin zombie (Ossuary)
  7 hobgoblin zombies (Ossuary)
  2 jackal zombies
  12 kobolds
  12 kobold zombies (Ossuary)
  11 orc zombies (Ossuary)
  12 rats
212 creatures vanquished.

Vanquished Creatures (others)
  A hobgoblin (D:3)
1 creature vanquished.

Grand Total: 213 creatures vanquished

Notes
Turn   | Place    | Note
-------+----------+-------------------------------------------
     0 | D:1      | ythm the Ogre Hunter began the quest for the Orb.
     0 | D:1      | Reached XP level 1. HP: 22/22 MP: 1/1
   207 | D:1      | Reached skill level 3 in Fighting
   345 | D:1      | Reached XP level 2. HP: 31/31 MP: 2/2
   746 | D:1      | Reached skill level 1 in Maces & Flails
  1184 | D:1      | Reached XP level 3. HP: 39/39 MP: 3/3
  1543 | D:2      | Reached skill level 4 in Fighting
  1686 | D:2      | You fall into a shaft and drop 2 floors!
  1817 | D:4      | Noticed a phantom
  1840 | D:4      | Killed a phantom
  1841 | D:4      | Reached skill level 5 in Fighting
  1841 | D:4      | Reached XP level 4. HP: 16/50 MP: 4/4
  1841 | D:4      | Reached XP level 5. HP: 19/57 MP: 5/5
  2822 | D:3      | Reached XP level 6. HP: 45/67 MP: 6/6
  3127 | D:2      | Reached skill level 6 in Fighting
  3429 | D:3      | Noticed Ijyb
  3441 | D:3      | Killed Ijyb
  3683 | D:3      | Found a runed translucent door.
  3684 | D:3      | Noticed Crazy Yiuf
  3782 | D:3      | Noticed a steam dragon
  3811 | D:3      | Killed a steam dragon
  4113 | D:3      | Killed Crazy Yiuf
  4114 | D:3      | Reached XP level 7. HP: 45/76 MP: 2/7
  4314 | D:4      | Reached skill level 7 in Fighting
  4347 | D:4      | Found a shimmering blue altar of Sif Muna.
  4875 | D:5      | Entered Level 5 of the Dungeon
  4882 | D:5      | Found a sand-covered staircase.
  4901 | D:5      | Reached skill level 5 in Maces & Flails
  4950 | Ossuary  | Entered an ossuary
  5050 | Ossuary  | Reached skill level 8 in Fighting
  5456 | Ossuary  | Reached XP level 8. HP: 67/89 MP: 8/8
  5761 | D:5      | Reached skill level 9 in Fighting
  5839 | D:5      | Found a staircase to the Ecumenical Temple.
  5860 | Temple   | Entered the Ecumenical Temple
  5947 | Temple   | Became a worshipper of Warmaster Okawaru
  6059 | D:5      | Found an iron altar of Okawaru.
  6072 | D:5      | Noticed Sigmund
  6082 | D:5      | Killed Sigmund
  6288 | D:5      | Noticed Edmund
  6299 | D:5      | Killed Edmund
  6300 | D:5      | Reached skill level 10 in Fighting
  6452 | D:5      | Noticed Menkaure
  6464 | D:5      | HP: 2/93 [Menkaure/nerve-wracking pain (14)]
  6878 | D:5      | Killed Menkaure
  7144 | D:6      | Reached XP level 9. HP: 102/102 MP: 9/9
  7146 | D:6      | Reached * piety under Okawaru
  7218 | D:6      | Noticed Pikel
  7240 | D:6      | Killed Pikel
  7241 | D:6      | Reached skill level 11 in Fighting
  7699 | D:6      | Found Powuevef's Jewellery Shop.
  8145 | D:6      | Reached skill level 1 in Invocations
  8461 | D:6      | Reached skill level 1 in Armour
  9023 | D:7      | Reached ** piety under Okawaru
  9085 | D:7      | Found Jesk's Magic Scroll Shop.
  9088 | D:7      | Bought a scroll of blinking for 90 gold pieces
  9088 | D:7      | Bought a scroll of fear for 42 gold pieces
  9088 | D:7      | Bought 2 scrolls of teleportation for 72 gold pieces
  9129 | D:7      | Got a polished short sword
  9130 | D:7      | Identified the +5 short sword of Ru's Respect {speed, Str+2
                  | Dex+3} (You found it on level 7 of the Dungeon)
  9481 | D:8      | Noticed Psyche
  9515 | D:8      | Killed Psyche
  9516 | D:8      | Reached skill level 12 in Fighting
  9516 | D:8      | Reached XP level 10. HP: 40/115 MP: 10/12
  9823 | D:8      | Found a sparkling altar of Nemelex Xobeh.
  9825 | D:8      | Noticed Maggie
  9851 | D:8      | Killed Maggie
  9988 | D:8      | Found an ancient bone altar of Kikubaaqudgha.
 10288 | D:8      | Found a snail-covered altar of Cheibriados.
 11119 | D:9      | Reached *** piety under Okawaru
 11156 | D:9      | Found an ancient bone altar of Kikubaaqudgha.
 11158 | D:9      | Found a stormy altar of Qazlal.
 11234 | D:9      | Noticed a two-headed ogre
 11254 | D:9      | Killed a two-headed ogre
 11254 | D:9      | Received a gift from Okawaru
 11255 | D:9      | Reached skill level 5 in Invocations
 11914 | D:10     | Entered Level 10 of the Dungeon
 11925 | D:10     | Noticed a white ugly thing
 11970 | D:10     | Noticed a two-headed ogre
 12005 | D:10     | Killed a white ugly thing
 12006 | D:10     | Reached skill level 13 in Fighting
 12008 | D:10     | HP: 6/178 [two-headed ogre/+0 giant club (20)]
 12008 | D:10     | Slain by a two-headed ogre

Illustrated notes

Levels and vault maps discovered:
D:1:      minmay_arrival_arboretum_large, layout_loops_corners
D:2:      layout_basic
D:3:      layout_rooms, patterned_corridor, uniq_crazy_yiuf_cottage, uniq_ijyb
D:4:      layout_gridville, led_sif_pool, minmay_pentangle
D:5:      layout_cave_pools, minmay_temple_entry_glassed_door, enter_ossuary_1,
          okawaru_metal_pillars_1_2, uniq_edmund, uniq_sigmund, uniq_menkaure
D:6:      layout_basic, serial_shops, shop, water_boxes_lemuel, uniq_pikel
D:7:      layout_loops_ring, serial_shops, nicolae_shop_behind_doors
D:8:      layout_cave_pods, lemuel_coloured_pillars_altar,
          nemelex_xobeh_ov_fountains_minmay, basic_altar, uniq_psyche,
          uniq_maggie
D:9:      layout_irregular_city, chequers_temple_overflow_statue_of_worship
D:10:     layout_loops_cross, erik_lair_island,
          ploomutoo_gammafunk_ghost_potion_laboratory, enter_trove_6,
          special_room [special_room_orc], onia_ninara_cookie
Temple:   minmay_crystal_spiral_temple

Skill      XL: |  1  2  3  4  5  6  7  8  9 10 |
---------------+-------------------------------+-----
Fighting       | 3 5 6 8 10 12 13 | 13.0
Dodging        | 2 3 4 |  4.0
Maces & Flails | 1 2 3 4 5 7 8 9 |  9.3
Invocations    | 3 5 |  5.6
Armour         | 1 2 |  2.0
Throwing       | |  4.0
Stealth        | |  0.6

Action                   |  1- 3 |  4- 6 |  7- 9 | 10-12 || total
-------------------------+-------+-------+-------+-------++-------
Melee: Club              |    44 |       |       |       ||    44
       Short sword       |     5 |       |       |       ||     5
       Whip              |    83 |    47 |    99 |   190 ||   419
       Mace              |       |    67 |    29 |       ||    96
       Flail             |       |       |   156 |       ||   156
       Dire flail        |       |       |    45 |       ||    45
       Punch             |       |       |       |     2 ||     2
Throw: Large rock        |     5 |     2 |       |       ||     7
Invok: Heroism           |       |       |     3 |     3 ||     6
  Use: Scroll            |       |       |     7 |       ||     7
       Potion            |       |       |     3 |     3 ||     6
 Stab: Sleeping          |     1 |     1 |     2 |       ||     4
Armor: Robe              |    53 |    19 |    70 |       ||   142
       Skin              |       |       |     6 |    19 ||    25
       Acid dragon scale |       |       |       |    42 ||    42
Dodge: Dodged            |    87 |    51 |   130 |    82 ||   350
